 Dungeon Crawl Stone Soup version 0.28-b1-70-g80dc712255 (webtiles) character file.

Game seed: 107928542201071629

11559 pkoi the Carver (level 11, -6/99 HPs)
             Began as a Minotaur Gladiator on Feb 3, 2022.
             Was a High Priest of Okawaru.
             Mangled by a stone giant (30 damage)
             ... on level 10 of the Dungeon.
             The game lasted 00:15:38 (13647 turns).

pkoi the Carver (Minotaur Gladiator)               Turns: 13647, Time: 00:15:39

Health: -6/99      AC: 19    Str: 22    XL:     11   Next: 50%
Magic:  14/14      EV:  8    Int:  5    God:    Okawaru [*****.]
Gold:   490        SH:  5    Dex: 13    Spells: 10/10 levels left

rFire   . . .      SeeInvis .   I - +0 great sword (drain)
rCold   . . .      Faith    .   (shield currently unavailable)
rNeg    + . .      Spirit   .   r - +0 plate armour
rPois   +          Reflect  +   (helmet unavailable)
rElec   .          Harm     .   s - +1 cloak {Will+}
rCorr   .          Rampage  .   q - +1 pair of gloves
Will    +....                   (no boots)
Stlth   ..........              l - amulet of reflection
HPRegen 0.26/turn               p - ring of positive energy
MPRegen 0.14/turn               y - ring of poison resistance

@: no status effects
A: horns 3, retaliatory headbutt, claws 1, wild magic 1
a: Renounce Religion, Heroism, Finesse, Duel


You were on level 10 of the Dungeon.
You worshipped Okawaru.
Okawaru was extremely pleased with you.
You visited 2 branches of the dungeon, and saw 11 of its levels.
You also visited: Sewer and Ossuary.

You collected 490 gold pieces.

Inventory:

Hand Weapons
 a - a +0 scimitar of flaming
 b - a +0 shortbow of flaming
 D - a +1 long sword
 I - a +0 great sword of draining (weapon)
Missiles
 d - 7 throwing nets (quivered)
 i - 39 poisoned darts
 u - 172 arrows
Armour
 q - a +1 pair of gloves (worn)
 r - a +0 plate armour (worn)
 s - a +1 cloak of willpower (worn)
Jewellery
 l - an amulet of reflection (around neck)
 p - a ring of positive energy (left hand)
 y - a ring of poison resistance (right hand)
 F - a ring of see invisible
 G - a ring of willpower
Wands
 m - a wand of flame (74)
 o - a wand of digging (7)
 w - a wand of polymorph (18)
 C - a wand of mindburst (42)
 H - a wand of paralysis (6)
Scrolls
 h - 9 scrolls of identify
 n - 5 scrolls of teleportation
 t - a scroll of amnesia
 v - a scroll of blinking
 x - 2 scrolls of brand weapon
 A - 2 scrolls of enchant armour
 B - 3 scrolls of fog
Potions
 c - 2 potions of brilliance
 e - 3 potions of haste
 f - 2 potions of flight
 g - 2 potions of magic
 j - a potion of lignification
 k - 4 potions of heal wounds
 z - 3 potions of cancellation
 E - 4 potions of curing


   Skills:
 - Level 9.7 Fighting
 + Level 12.6 Long Blades
 + Level 5.3 Bows
 - Level 2.0 Throwing
 - Level 9.2 Armour
 - Level 3.2 Dodging
 + Level 6.2 Invocations
 + Level 6.5 Evocations


You had 10 spell levels left.
You didn't know any spells.
Your spell library contained the following spells:

 Spells                   Type           Power      Damage    Failure   Level
 Sandblast                Erth           0%         2d4       100%        1
 Passwall                 Tmut/Erth      0%         N/A       100%        2
 Stone Arrow              Conj/Erth      0%         3d7       100%        3
 Conjure Ball Lightning   Conj/Air       0%         3x3d6     100%        6
 Discord                  Hex            0%         N/A       100%        8
 Disjunction              Tloc           0%         N/A       100%        8


Dungeon Overview and Level Annotations

Branches:
Dungeon (10/15)            Temple (1/1) D:5            Lair (0/6) D:9
    Orc (0/2) D:9           Sewer (visited)         Ossuary (visited)

Altars:
Ashenzari
Cheibriados
Dithmenos
Elyvilon
Fedhas
Gozag
Hepliaklqana
Kikubaaqudgha
Makhleb
Nemelex Xobeh
Okawaru
Qazlal
Ru
Sif Muna
Trog
Uskayaw
Vehumet
Wu Jian
Zin
The Shining One

Shops:
D:2 ?!   D:3 (   D:8 [   D:9 *


Innate Abilities, Weirdness & Mutations

You have a pair of large horns on your head.
You reflexively headbutt those who attack you in melee.
You have sharp fingernails.
Your spells are a little harder to cast, but a little more powerful.


Message History

No target in view!
No target in view!
You feel like a meek peon again.
A stone giant is nearby!
A stone giant is nearby!
A stone giant is nearby!
A stone giant is nearby!
The stone giant shouts!
You hit the stone giant.
You headbutt the stone giant, but do no damage.
The stone giant is lightly wounded.
The stone giant hits you!
You slash the stone giant!
You headbutt the stone giant, but do no damage.
The stone giant is lightly wounded.
The stone giant closely misses you.
You hit the stone giant but do no damage.
You headbutt the stone giant!
The stone giant is lightly wounded.
The stone giant hits you but does no damage.
You slash the stone giant!
The stone giant is moderately wounded.
The stone giant hits you!!
You are too injured to fight recklessly!
You are too injured to fight recklessly!
You are too injured to fight recklessly!
You are too injured to fight recklessly!
You are too injured to fight recklessly!
You are too injured to fight recklessly!
You are too injured to fight recklessly!
You are too injured to fight recklessly!
You are too injured to fight recklessly!
You hit the stone giant.
The stone giant is moderately wounded.
The stone giant hits you!!
* * * LOW HITPOINT WARNING * * *
You barely miss the stone giant.
The stone giant is moderately wounded.
The stone giant hits you!!
You die...

###.......###....# #
###.#.#.#.#.###..(#### #...
##........)..##.(....# #...
#...#..)..#..)#$.....# +..##
..⌠...).....⌠).......# #..#.
#...#.....#...#......#.#####..#.
.##...........##......#........#.
.###.#.#.#.#.###C.....#........#.
..###.......###.@.....#......(.#.
...###..⌠..###........#.######.#.
#..###...###....†.####.#....#.'.
#...###.###.......#....#....#.#.
#.................#....#....#.#.
#......########...#....#....#.#.
##......# .'...#[...#'####.#.
........# .#...#...........#.
........# ..#...#...........#.


You could see a stone giant.

Vanquished Creatures
  Erica (D:8)
  A two-headed ogre (D:10)
  Urug (D:10)
  Pikel (D:5)
  Maurice (D:8)
  2 gargoyles (D:10)
  Maggie (D:8)
  Psyche (D:8)
  3 hornets
  2 trolls
  Grinder (Sewer)
  2 basilisks (D:10)
  A wraith (D:9)
  2 wyverns
  3 yaks (D:9)
  3 steam dragons
  An acid dragon (D:8)
  2 water moccasins
  2 orc warriors (D:9)
  An ice beast (D:7)
  A sky beast (D:7)
  A black bear (D:8)
  4 ogres
  3 centaurs
  4 wolves (D:9)
  2 necrophages
  5 kobold brigands
  4 elf zombies (Ossuary)
  2 bullfrogs
  4 gnoll sergeants
  2 scorpions
  A water moccasin skeleton (D:5)
  A wyvern skeleton (D:7)
  4 killer bees (D:8)
  6 wights
  An electric eel (D:9)
  3 howler monkeys (D:10)
  A bullfrog zombie (D:5)
  3 centaur zombies
  A jelly (D:5)
  5 hounds
  Crazy Yiuf (D:6)
  7 orc priests
  A bullfrog skeleton (D:7)
  4 centaur skeletons
  2 iguanas
  7 orc wizards
  A hound skeleton (D:4)
  A howler monkey zombie (D:6)
  3 mummies
  8 adders
  15 gnolls
  2 river rats (D:3)
  5 shadow imps (Sewer)
  2 white imps
  8 ufetubi
  An adder skeleton (D:2)
  A worm (D:4)
  6 dart slugs
  56 orcs
  4 endoplasms
  3 giant cockroaches (D:2)
  11 goblins
  7 hobgoblins
  7 jackals (D:5)
  3 quokkas (D:3)
  7 ball pythons
  7 bats
  4 frilled lizards
  3 goblin zombies (Ossuary)
  8 hobgoblin zombies (Ossuary)
  42 kobolds
  15 kobold zombies
  7 orc zombies (Ossuary)
  4 rats
  A rat zombie (Ossuary)
354 creatures vanquished.

Vanquished Creatures (others)
  A human (D:9)
  5 fungi (D:6)
  2 plants (D:9)
8 creatures vanquished.

Grand Total: 362 creatures vanquished

Notes
Turn   | Place    | Note
-------+----------+-------------------------------------------
     0 | D:1      | pkoi the Minotaur Gladiator began the quest for the Orb.
     0 | D:1      | Reached XP level 1. HP: 18/18 MP: 0/0
   224 | D:1      | Reached skill level 4 in Long Blades
   340 | D:1      | Reached XP level 2. HP: 20/25 MP: 1/1
   593 | D:1      | Reached skill level 1 in Armour
  1000 | D:1      | Reached XP level 3. HP: 31/31 MP: 2/2
  1308 | D:2      | Found a faded altar of an unknown god.
  1332 | D:2      | Found Ycec's Distillery.
  1448 | D:2      | Found Pecicog's Magic Scroll Shop.
  1520 | D:2      | Reached XP level 4. HP: 37/38 MP: 3/3
  1589 | D:2      | Reached skill level 5 in Long Blades
  2388 | D:3      | Noticed an ogre
  2388 | D:3      | Found Jiyqip's Weapon Boutique.
  2471 | D:3      | Killed an ogre
  2472 | D:3      | Reached XP level 5. HP: 46/46 MP: 4/4
  2499 | D:3      | Reached skill level 6 in Long Blades
  2811 | D:3      | Reached XP level 6. HP: 41/53 MP: 5/5
  2822 | D:3      | Found a glowing drain.
  2826 | Sewer    | Entered a sewer
  3073 | Sewer    | Found an ancient bone altar of Kikubaaqudgha.
  3100 | Sewer    | Noticed Grinder
  3127 | Sewer    | Reached skill level 7 in Long Blades
  3131 | Sewer    | Gained mutation: You have hidden genetic potential. [potion
                  | of mutation]
  3131 | Sewer    | Gained mutation: You are clumsy. (Dex -2) [potion of
                  | mutation]
  3131 | Sewer    | Gained mutation: You have a pair of large horns on your
                  | head. [potion of mutation]
  3131 | Sewer    | Lost mutation: You are clumsy. (Dex -2) [potion of
                  | mutation]
  3143 | Sewer    | Killed Grinder
  3144 | Sewer    | Reached skill level 5 in Fighting
  3144 | Sewer    | Reached XP level 7. HP: 4/61 MP: 6/6
  3153 | Sewer    | Reached skill level 8 in Long Blades
  3184 | Sewer    | Gained mutation: You have sharp fingernails. [hidden
                  | potential]
  4113 | D:4      | Found a sacrificial altar of Ru.
  4113 | D:4      | Found a bloodstained altar of Trog.
  4121 | D:4      | Found a faded altar of an unknown god.
  4123 | D:4      | Found a faded altar of an unknown god.
  4125 | D:4      | Found a glowing golden altar of the Shining One.
  4629 | D:4      | Reached skill level 1 in Evocations
  4657 | D:4      | Reached skill level 5 in Armour
  4808 | D:4      | Reached XP level 8. HP: 53/70 MP: 7/7
  5046 | D:5      | Entered Level 5 of the Dungeon
  5228 | D:5      | Found a staircase to the Ecumenical Temple.
  5236 | D:5      | Noticed Pikel
  5245 | D:5      | Gained mutation: Your spells are a little harder to cast,
                  | but a little more powerful. [hidden potential]
  5245 | D:5      | Lost mutation: You have hidden genetic potential. [hidden
                  | potential expressed]
  5246 | D:5      | Killed Pikel
  5247 | D:5      | Reached skill level 9 in Long Blades
  5259 | Temple   | Entered the Ecumenical Temple
  5579 | Temple   | Became a worshipper of Warmaster Okawaru
  6012 | D:5      | Found a hazy altar of Hepliaklqana.
  6162 | D:5      | Reached XP level 9. HP: 79/79 MP: 8/8
  6173 | D:5      | Reached skill level 1 in Invocations
  6514 | D:5      | Found a shadowy altar of Dithmenos.
  6523 | D:5      | Found a blossoming altar of Fedhas.
  6788 | D:6      | Identified the -2 pair of gloves "Urinn" {rPois rN+}
  7498 | D:6      | Found a runed translucent door.
  7499 | D:6      | Noticed Crazy Yiuf
  7507 | D:6      | Killed Crazy Yiuf
  7508 | D:6      | Reached skill level 10 in Long Blades
  7675 | D:7      | Reached * piety under Okawaru
  8095 | D:7      | Found a sand-covered staircase.
  8104 | Ossuary  | Entered an ossuary
  8467 | D:7      | Found a white marble altar of Elyvilon.
  8690 | D:8      | Reached skill level 11 in Long Blades
  8735 | D:8      | Reached ** piety under Okawaru
  8737 | D:8      | Reached XP level 10. HP: 90/90 MP: 11/11
  8885 | D:8      | Found Lapsar's Armour Shop.
  9677 | D:8      | Noticed Erica
  9695 | D:8      | Killed Erica
  9696 | D:8      | Reached skill level 1 in Bows
  9949 | D:8      | Noticed Maggie
  9962 | D:8      | Killed Maggie
  9963 | D:8      | Reached skill level 5 in Evocations
 10180 | D:8      | Noticed Maurice
 10208 | D:8      | Killed Maurice
 10572 | D:8      | Paralysed by a hornet for 1 turns
 10576 | D:8      | Reached *** piety under Okawaru
 10955 | D:8      | Noticed Psyche
 10963 | D:8      | Killed Psyche
 11021 | D:9      | Found a staircase to the Lair.
 11221 | D:9      | Reached **** piety under Okawaru
 11222 | D:9      | Reached skill level 5 in Invocations
 11455 | D:9      | Reached XP level 11. HP: 80/97 MP: 13/13
 11583 | D:9      | Reached skill level 12 in Long Blades
 11583 | D:9      | Found a staircase to the Orcish Mines.
 12253 | D:9      | Found Sijar's Assorted Antiques.
 12290 | D:9      | Found an ancient bone altar of Kikubaaqudgha.
 12727 | D:10     | Entered Level 10 of the Dungeon
 12748 | D:10     | Found a radiant altar of Vehumet.
 12796 | D:10     | Noticed Urug
 12803 | D:10     | Killed Urug
 13198 | D:10     | Reached ***** piety under Okawaru
 13208 | D:10     | Noticed a stone giant
 13208 | D:10     | Noticed a two-headed ogre
 13209 | D:10     | Found the +6 shillelagh "Devastator" {shatter}
 13559 | D:10     | Killed a two-headed ogre
 13563 | D:10     | Reached skill level 5 in Bows
 13647 | D:10     | Mangled by a stone giant

Illustrated notes

Levels and vault maps discovered:
D:1:      minmay_arrival_radiant_lines, layout_basic
D:2:      layout_loops_corners, serial_shops, shop, nicolae_diamond_shop,
          shapermc_ecumenical_altar_venn
D:3:      layout_rooms, gup_sewer_entry_bowl, serial_shops,
          nicolae_shop_waterfront
D:4:      wad_river_or_something, layout_cave_pools,
          chequers_temple_overflow_minitemple, minmay_fractal_squares_gapless_5
D:5:      layout_loops_cross, mainiacjoe_overflow_surrounded_room,
          mainiacjoe_overflow_swirl, temple_statues, minivault_4, uniq_pikel
D:6:      layout_loops_ring, uniq_crazy_yiuf_cottage
D:7:      layout_rooms, elyvilon_altar_5, gup_ossuary_entry_pyramid
D:8:      layout_loops_ring, serial_shops, shop, st_stairs_8,
          grunt_ministairs_4, kennysheep_pointless_box, uniq_psyche, uniq_erica,
          uniq_maggie, uniq_maurice
D:9:      layout_long_grid, tgw_kikubaaqudgha, erik_lair_island,
          hiddenorc2_lemuel, serial_shops, nicolae_shop_overgrown_old_shop
D:10:     minmay_roctagon, layout_irregular_city,
          nicolae_overflow_crystal_walls, dk_yredelemnul_ordeal,
          doesnt_xom_only_xom, uniq_urug
Temple:   minmay_temple_curvy_loop

Skill      XL: |  1  2  3  4  5  6  7  8  9 10 11 |
---------------+----------------------------------+-----
Long Blades    | 4 5 6 7 8 9 11 12 | 12.6
Armour         | 1 2 3 4 5 6 7 9 |  9.2
Fighting       | 3 4 5 7 8 9 |  9.7
Evocations     | 1 3 4 5 6 |  6.5
Invocations    | 3 5 6 |  6.2
Bows           | 3 5 |  5.3
Throwing       | |  2.0
Dodging        | |  3.2

Action                   |  1- 3 |  4- 6 |  7- 9 | 10-12 || total
-------------------------+-------+-------+-------+-------++-------
Melee: Long sword        |    63 |   182 |   404 |    45 ||   694
       Headbutt          |     8 |    19 |    85 |    52 ||   164
       Punch             |       |     2 |     2 |     7 ||    11
       Scimitar          |       |       |       |   202 ||   202
       Great sword       |       |       |       |    58 ||    58
 Fire: Shortbow          |       |       |       |   146 ||   146
Invok: Heroism           |       |       |       |     6 ||     6
  Use: Scroll            |       |     6 |     8 |     4 ||    18
       Potion            |       |     9 |     2 |     1 ||    12
 Stab: Sleeping          |       |     1 |       |       ||     1
Armor: Leather armour    |    15 |     3 |       |       ||    18
       Plate armour      |       |   110 |   205 |   154 ||   469
Dodge: Dodged            |    46 |    60 |    95 |    85 ||   286
Block: Other             |       |       |    74 |    58 ||   132
       Reflection        |       |       |     2 |     4 ||     6
